 Dungeon Crawl Stone Soup version 0.26-a0-259-g1effd001a9 (webtiles) character file.

Game seed: 9303035117767807640

2282 Esekla the Magician (level 9, -4/66 HPs)
             Began as a Formicid Venom Mage on July 10, 2020.
             Collided with a stone wall (16 damage)
             ... caused by a wretched star
             ... on level 1 of the Abyss.
             The game lasted 01:07:23 (9346 turns).

Esekla the Magician (Formicid Venom Mage)           Turns: 9346, Time: 01:07:24

Health: -4/66      AC: 10    Str: 12    XL:     9   Next: 66%
Magic:  18/18      EV: 12    Int: 23    God:
Gold:   408        SH:  0    Dex: 11    Spells: 13/21 levels left

rFire    . . .     SeeInvis +   h - +1 falchion (holy)
rCold    + . .     Faith    .   (no shield)
rNeg     . . .     Spirit   .   r - +1 steam dragon scales
rPois    .         Reflect  .   (helmet unavailable)
rElec    .         Harm     .   C - +2 cloak
rCorr    .                      l - +0 pair of gloves
MR       .....                  p - +0 pair of boots
Stlth    ++........             (no amulet)
HPRegen  0.21/turn              A - +6 ring of intelligence
MPRegen  0.16/turn              E - ring of protection from cold

@: no status effects
A: permanent stasis, dig shafts and tunnels, four strong arms, antennae 3,
[deformed body], dopey 1
a: Dig, Shaft Self


You were on level 1 of the Abyss.
You were not hungry.

You visited 2 branches of the dungeon, and saw 8 of its levels.
You visited the Abyss 1 time.
You also visited: Sewer.

You collected 408 gold pieces.

Inventory:

Hand Weapons
 e - the +2 spear "Gurof" {antimagic, Str+4 Int+5}
   (You found it on level 1 of the Abyss)

   It reduces the magical energy of the wielder, and disrupts the spells and
   magical abilities of those hit.
   Natural abilities and divine invocations are not affected.
   It affects your strength (+4).
   It affects your intelligence (+5).
 h - a +1 falchion of holy wrath (weapon)
 s - a +0 short sword
 t - the +6 trident of Kismet {freeze, *Noise rPois rC++ SInv}
   (You found it on level 4 of the Dungeon)

   It has been specially enchanted to freeze those struck by it, causing extra
   injury to most foes and up to half again as much damage against particularly
   susceptible opponents.
   It can also slow down cold-blooded creatures.
   It greatly protects you from cold.
   It protects you from poison.
   It lets you see invisible.
   It may make noises in combat.
 x - the +1 whip "Tuefuk" {venom, rElec Int+4 Dex-2}
   (You found it on level 1 of the Abyss)

   It poisons the flesh of those it strikes.
   It affects your intelligence (+4).
   It affects your dexterity (-2).
   It insulates you from electricity.
 H - a +2 trident of distortion
Missiles
 d - 4 curare-tipped darts
 n - 20 poisoned darts (quivered)
Armour
 l - a +0 pair of gloves (worn)
 p - a +0 pair of boots (worn)
 r - +1 steam dragon scales (worn)
 C - a +2 cloak (worn)
Jewellery
 A - a +6 ring of intelligence (left hand)
 E - a ring of protection from cold (right hand)
Wands
 G - a wand of iceblast (12)
 J - a wand of disintegration (12)
Scrolls
 a - 3 scrolls of fear {unknown}
 i - a scroll of enchant weapon {unknown}
 j - a scroll of blinking {unknown}
 k - a scroll of amnesia
 v - a scroll of noise {unknown}
 D - a scroll of remove curse
 F - a scroll of vulnerability {unknown}
 I - a scroll of summoning {unknown}
Potions
 b - 4 potions of lignification
 f - 7 potions of curing
 g - a potion of flight {unknown}
 m - a potion of resistance {unknown}
 o - a potion of berserk rage {unknown}
 q - 2 potions of brilliance
 u - 2 potions of invisibility {unknown}
 w - 2 potions of stabbing {unknown}
 y - 4 potions of might
 z - 3 potions of heal wounds
 B - 2 potions of cancellation {unknown}
Comestibles
 c - 12 rations


   Skills:
 * Level 4.7 Fighting
 + Level 1.3(2.0) Short Blades
 * Level 2.1(2.3) Long Blades
 + Level 0.6 Throwing
 - Level 4.2 Armour
 + Level 2.6 Dodging
 + Level 3.4 Stealth
 * Level 6.5 Spellcasting
 * Level 3.1 Conjurations
 + Level 1.1 Transmutations
 * Level 4.5 Air Magic
 + Level 5.7 Poison Magic


You had 13 spell levels left.
You knew the following spells:

 Your Spells              Type           Power        Failure   Level
c - Mephitic Cloud        Conj/Pois/Air  ####....     4%          3
n - Ignite Poison         Fire/Tmut/Pois ###.....     10%         3
v - Poisonous Vapours     Pois/Air       ####..       1%          2

Your spell library contained the following spells:

 Spells                   Type           Power        Failure   Level
 Sting                    Tmut/Pois      ###.         1%          1
 Olgreb's Toxic Radiance  Pois           ####....     8%          4


Dungeon Overview and Level Annotations

Branches:
Dungeon (7/15)             Temple (1/1) D:6           Sewer (visited)

Altars:
Ashenzari
Cheibriados
Dithmenos
Elyvilon
Hepliaklqana
Kikubaaqudgha
Makhleb
Nemelex Xobeh
Okawaru
Qazlal
Ru
Sif Muna
Trog
Wu Jian
Xom
Yredelemnul
Zin
The Shining One

Annotations:
D:3 2 transporters, Inarius's ghost, novice DENe


Innate Abilities, Weirdness & Mutations

You cannot be hasted, slowed, berserked, paralysed or teleported.
You can dig through walls and to a lower floor.
Your four strong arms can wield two-handed weapons with a shield.
You have a pair of large antennae on your head. (SInv)
You are dopey. (Int -2)
[Armour fits poorly on your strangely shaped body.]


Message History

Something tries to feed on your intellect!
The wretched star glows turbulently.
The lance of force hits you!!
* * * LOW HITPOINT WARNING * * *
You are knocked back by the lance of force.
You slam into the stone wall!
* * * LOW HITPOINT WARNING * * *
You feel much better.
The neqoxec gestures.
The wretched star pulses with an eldritch light!
Your body twists and deforms.
A small abomination comes into view.
The neqoxec gestures at you.
Something tries to feed on your intellect!
The wretched star glows turbulently.
The lance of force hits you!!
* * * LOW HITPOINT WARNING * * *
You are knocked back by the lance of force.
You slam into the stone wall!
You die...

.# ..## .#. { { ..
##.##### ####......
#.##....####..#
####..###.@.....# #
#...*.######... ..
###.##3..#......# ...
#{. #5####........
....#..#.#{##.##.#####
.. #..#.# .....#..
....4{...#......####
.. .#..#......## ...(
..#{ยง...#..#


You could see a wretched star, a neqoxec and a crimson imp (summoned).

Vanquished Creatures
  Maggie (D:7)
  Prince Ribbit (D:7)
  Eustachio (D:6)
  An orc warrior (D:6)
  A sky beast (D:7)
  A phantom (D:5)
  2 ogres
  4 centaurs
  A big kobold (Sewer)
  2 bullfrogs (D:6)
  2 howler monkeys
  A bullfrog zombie (D:6)
  A hound (D:6)
  Crazy Yiuf (D:2)
  3 orc wizards
  Jessica (D:3)
  2 iguanas
  A worker ant (D:4)
  A hound skeleton (D:4)
  Robin (D:1)
  4 gnolls
  9 adders
  5 river rats (Sewer)
  2 oozes
  An adder skeleton (D:6)
  A worm (D:2)
  5 dart slugs
  4 leopard geckos
  13 orcs
  6 giant cockroaches
  16 goblins
  5 hobgoblins
  6 jackals
  19 kobolds
  3 quokkas
  7 ball pythons
  7 bats
  9 frilled lizards
  26 rats
177 creatures vanquished.

Notes
Turn   | Place    | Note
-------+----------+-------------------------------------------
     0 | D:1      | Esekla the Formicid Venom Mage began the quest for the Orb.
     0 | D:1      | Reached XP level 1. HP: 13/13 MP: 3/3
     2 | D:1      | Noticed a naga
     2 | D:1      | Noticed a halfling
     4 | D:1      | Noticed a formicid
     4 | D:1      | Noticed a demigod
     6 | D:1      | Noticed a gargoyle
     8 | D:1      | Noticed a ghoul
    10 | D:1      | Noticed an elf
    12 | D:1      | Noticed a felid
    12 | D:1      | Noticed a troll
    14 | D:1      | Noticed a human
    14 | D:1      | Noticed a vine stalker
    16 | D:1      | Noticed an octopode
    16 | D:1      | Noticed a merfolk
    18 | D:1      | Noticed a centaur
    18 | D:1      | Noticed a minotaur
    20 | D:1      | Noticed a spriggan
    20 | D:1      | Noticed a tengu
    22 | D:1      | Noticed a demonspawn
    22 | D:1      | Noticed an ogre
    24 | D:1      | Noticed a draconian
    24 | D:1      | Noticed a vampire
    26 | D:1      | Noticed a dwarf
   592 | D:2      | Reached XP level 2. HP: 20/20 MP: 2/5
   612 | D:2      | Noticed Robin
   661 | D:1      | Learned a level 2 spell: Poisonous Vapours
   816 | D:1      | Killed Robin
   816 | D:1      | Reached skill level 1 in Fighting
   816 | D:1      | Reached XP level 3. HP: 14/26 MP: 0/7
  1145 | D:1      | Reached skill level 3 in Spellcasting
  1227 | D:1      | Learned a level 3 spell: Mephitic Cloud
  1678 | D:2      | Reached XP level 4. HP: 13/32 MP: 3/8
  1952 | D:2      | Reached skill level 1 in Air Magic
  2430 | D:3      | Noticed Jessica
  2443 | D:2      | Reached XP level 5. HP: 32/38 MP: 4/9
  2707 | D:2      | Found a runed translucent door.
  2708 | D:2      | Noticed Crazy Yiuf
  3109 | D:2      | Learned a level 3 spell: Ignite Poison
  3372 | D:2      | Killed Crazy Yiuf
  3594 | D:3      | Found a transporter.
  3594 | D:3      | Noticed an ogre
  3604 | D:3      | Found a transporter.
  3641 | D:3      | Killed Jessica
  3641 | D:3      | Reached skill level 1 in Armour
  3641 | D:3      | Reached XP level 6. HP: 44/44 MP: 3/11
  3729 | D:3      | Noticed Inarius's ghost (novice DENe)
  3730 | D:3      | Noticed an ogre
  3730 | D:3      | Noticed an ogre
  3895 | D:5      | Entered Level 5 of the Dungeon
  3956 | D:5      | Reached skill level 1 in Conjurations
  3961 | D:5      | Reached skill level 4 in Spellcasting
  4004 | D:5      | Found a glowing drain.
  4142 | Sewer    | Entered a sewer
  4677 | Sewer    | Reached XP level 7. HP: 44/51 MP: 7/13
  5246 | Sewer    | Reached skill level 1 in Short Blades
  5520 | D:6      | Noticed Eustachio
  5541 | D:6      | Killed Eustachio
  5541 | D:6      | Reached XP level 8. HP: 52/58 MP: 2/15
  5549 | D:6      | Found a white marble altar of Elyvilon.
  5551 | D:6      | Found a sparkling altar of Nemelex Xobeh.
  5704 | D:5      | Reached skill level 5 in Spellcasting
  5976 | D:6      | Found a staircase to the Ecumenical Temple.
  5995 | Temple   | Entered the Ecumenical Temple
  6574 | D:4      | Reached skill level 1 in Long Blades
  6754 | D:4      | Got a bloodstained trident
  6783 | D:4      | Identified the +6 trident of Kismet {freeze, *Noise rPois
                  | rC++ SInv} (You found it on level 4 of the Dungeon)
  7059 | D:5      | Found a burning altar of Makhleb.
  7061 | D:5      | Found a glowing silver altar of Zin.
  7061 | D:5      | Noticed an angel
  7061 | D:5      | Noticed a blizzard demon
  7151 | D:5      | Reached skill level 5 in Poison Magic
  7874 | D:6      | Reached XP level 9. HP: 57/65 MP: 14/17
  8304 | D:6      | Found a hazy altar of Hepliaklqana.
  8306 | D:6      | Found a shimmering blue altar of Sif Muna.
  8384 | D:7      | Noticed Maggie
  8595 | D:7      | Reached skill level 6 in Spellcasting
  8614 | D:7      | Noticed Prince Ribbit
  8702 | D:7      | Killed Prince Ribbit
  9033 | D:7      | Killed Maggie
  9183 | D:6      | Cast into level 1 of the Abyss (unwielding a weapon of
                  | distortion)
  9187 | Abyss:1  | Got a twisted spear
  9215 | Abyss:1  | Got a slimy whip
  9241 | Abyss:1  | Identified the cursed +2 spear "Gurof" {antimagic, Str+4
                  | Int+5} (You found it on level 1 of the Abyss)
  9243 | Abyss:1  | Identified the +1 whip "Tuefuk" {venom, rElec Int+4 Dex-2}
                  | (You found it on level 1 of the Abyss)
  9288 | Abyss:1  | Noticed a black draconian
  9309 | Abyss:1  | Noticed a wretched star
  9311 | Abyss:1  | Noticed a large abomination
  9330 | Abyss:1  | Noticed a red devil
  9335 | Abyss:1  | Gained mutation: You are dopey. (Int -2) [a neqoxec]
  9346 | Abyss:1  | Collided with a stone wall

Illustrated notes

Levels and vault maps discovered:
D:1:      kb_arrival_jail, layout_basic
D:2:      minmay_wonky_spiral, layout_basic, uniq_crazy_yiuf_cottage, uniq_robin
D:3:      layout_rooms, gammafunk_ghost_smash, minmay_lizard_king, uniq_jessica,
          uniq_ijyb
D:4:      layout_basic, first_ration
D:5:      layout_layer_cave, grunt_temple_overflow_order_and_chaos_2,
          portal_sewer_entry_b
D:6:      layout_loops_corners, nicolae_overflow_hidden_temple,
          minmay_temple_entry_nine_rooms, uniq_eustachio
D:7:      layout_basic, grunt_livestock, minmay_microvault, uniq_prince_ribbit1,
          uniq_maggie
Temple:   nicolae_temple_x_marks_the_god
Abyss:1:  base:
D:14

Skill      XL: |  1  2  3  4  5  6  7  8  9 |
---------------+----------------------------+-----
Fighting       | 1 2 3 4 |  4.7
Dodging        | 2 |  2.6
Spellcasting   | 3 4 5 6 |  6.5
Stealth        | 3 |  3.4
Air Magic      | 1 2 3 4 |  4.5
Armour         | 1 2 3 4 |  4.2
Conjurations   | 1 2 3 |  3.1
Short Blades   | 1 |  1.3
Long Blades    | 1 2 |  2.1
Poison Magic   | 5 |  5.7
Throwing       | |  0.6
Transmutations | |  1.1

Action                   |  1- 3 |  4- 6 |  7- 9 || total
-------------------------+-------+-------+-------++-------
Melee: Unarmed           |    12 |       |       ||    12
       Short sword       |    21 |    89 |    47 ||   157
       Dagger            |     3 |       |       ||     3
       Falchion          |       |       |    82 ||    82
Throw: Dart              |       |    10 |    14 ||    24
 Cast: Sting             |     9 |       |       ||     9
       Poisonous Vapours |    16 |    82 |   101 ||   199
       Mephitic Cloud    |       |     2 |    10 ||    12
       Ignite Poison     |       |       |     2 ||     2
  Use: Scroll            |       |     7 |     7 ||    14
       Potion            |       |       |     1 ||     1
 Stab: Sleeping          |     6 |     1 |     1 ||     8
       Confused          |       |     1 |     1 ||     2
  Eat: Ration            |     1 |     3 |     4 ||     8
Armor: Robe              |     8 |     7 |       ||    15
       Leather armour    |       |    27 |    44 ||    71
Dodge: Dodged            |    36 |    91 |    76 ||   203
       Rpst.: Falchion   |       |       |    16 ||    16

Table legend:
 A = Non-vault XP
 B = Vault XP
 C = Vault XP percentage of total XP
 D = Non-vault monster count
 E = Vault monster count
 F = Vault count percentage of total count
                 A         B        C        D         E       F
            +---------+---------+-------+---------+---------+-------
      Total |    1980 |    1280 |  39.3 |      95 |      82 |  46.3
            +---------+---------+-------+---------+---------+-------
        D:1 |      40 |      15 |  27.3 |      19 |       1 |   5.0
        D:2 |      93 |      82 |  46.9 |      22 |      17 |  43.6
        D:3 |       8 |      43 |  84.3 |       3 |       7 |  70.0
        D:4 |     339 |       0 |   0.0 |      13 |       0 |   0.0
        D:5 |     504 |       8 |   1.6 |      15 |       6 |  28.6
        D:6 |     693 |     203 |  22.7 |      12 |       1 |   7.7
        D:7 |     303 |     678 |  69.1 |      11 |       2 |  15.4
      Sewer |       0 |     251 | 100.0 |       0 |      48 | 100.0
            +---------+---------+-------+---------+---------+-------
